 Dungeon Crawl Stone Soup version 0.19-a0-450-g98b348d (webtiles) character file.

485 Duffy the Caller (level 6, 36/36 HPs)
             Began as a Deep Elf Summoner on June 1, 2016.
             Was a Believer of Hepliaklqana.
             Quit the game on level 5 of the Dungeon.
             The game lasted 00:07:48 (5253 turns).

Duffy the Caller (Deep Elf Summoner)                Turns: 5253, Time: 00:07:49

Health: 36/36      AC:  5    Str:  5    XL:     6   Next: 88%
Magic:  14/14      EV: 13    Int: 21    God:    Hepliaklqana [**....]
Gold:   184        SH:  0    Dex: 16    Spells: 4 memorised, 3 levels left

rFire  + . .     SeeInvis .     k - +0 dagger
rCold  + . .     Gourm    .     y - +2 robe {rC+ rF+}
rNeg   . . .     Faith    .     (no shield)
rPois  .         Spirit   .     (no helmet)
rElec  .         Dismiss  .     (no cloak)
rCorr  .         Reflect  .     o - +0 pair of gloves
SustAt .         Harm     .     (no boots)
MR     +....                    (no amulet)
Stlth  +.........               a - ring of loudness (curse)
                                q - ring of protection from magic

@: somewhat resistant to hostile enchantments, very unstealthy
A: no striking features
a: Recall Ancestor, Ancestor Identity, Renounce Religion


You were on level 5 of the Dungeon.
You worshipped Hepliaklqana.
Hepliaklqana was pleased with you.
You were hungry.

You visited 1 branch of the dungeon, and saw 5 of its levels.

You collected 184 gold pieces.


   Skills:
 - Level 2.8 Fighting
 - Level 2.4 Dodging
 - Level 2.4 Stealth
 - Level 4.3 Spellcasting
 + Level 6.5 Summonings
 + Level 3.7 Ice Magic


You had 3 spell levels left.
You knew the following spells:

 Your Spells              Type           Power        Failure   Level  Hunger
a - Summon Small Mammal   Summ           ####         1%          1    None
i - Call Imp              Summ           ####....     1%          2    #......
l - Summon Ice Beast      Ice/Summ       ####....     17%         4    ####...
n - Call Canine Familiar  Summ           ####....     2%          3    ##.....

Inventory:

Hand Weapons
 k - a +0 dagger (weapon)
Armour
 o - a +0 pair of gloves (worn)
 y - a +2 robe of resistance (worn)
 E - a +0 buckler
Jewellery
 a - a cursed ring of loudness (right hand)
 p - an uncursed ring of fire
 q - a ring of protection from magic (left hand)
 w - an uncursed ring of fire
 z - an uncursed ring of stealth {unknown}
 D - a +3 ring of dexterity
Scrolls
 e - 2 scrolls of random uselessness {unknown}
 h - 2 scrolls of amnesia {unknown}
 i - 2 scrolls of fog {unknown}
 l - 2 scrolls of recharging {unknown}
 m - a scroll of enchant armour {unknown}
 r - 2 scrolls of identify {unknown}
 s - 3 scrolls of remove curse {unknown}
 t - 2 scrolls of immolation {unknown}
Potions
 g - a potion of invisibility {unknown}
 j - 3 potions of curing
 n - 2 potions of brilliance {unknown}
 u - 2 potions of lignification {unknown}
 v - a potion of cure mutation {unknown}
 A - a potion of flight {unknown}
 B - a potion of mutation {unknown}
 C - a potion of cancellation {unknown}
 F - a potion of haste {unknown}
Books
 b - a book of Callings
Comestibles
 c - 3 bread rations
 d - a slice of pizza
 f - 7 meat rations
 x - 4 fruits

Dungeon Overview and Level Annotations

Branches:
Dungeon (5/15)
 Temple: D:4-7

Altars:
Dithmenos
Elyvilon
Hepliaklqana
Pakellas


Message History

There is an open door here.
You see here a trident.
An adder skeleton comes into view.
The teleport trap disappears.
The adder skeleton disappears!
You see here a falchion.
A jelly comes into view.
The jelly quivers.
Found a scroll labeled ALOKOBREYJ.
Found an escape hatch in the ceiling.
Found a stone staircase leading down.
A jelly is nearby!
Cast which spell? (? or * to list)
Your hound disappears in a puff of smoke!
You swap places.
Your hound bites the jelly.
Your hound is burned by acid!
Kendra blocks the jelly's attack.
Your hound bites the jelly.
Your hound is burned by acid!
Kendra blocks the jelly's attack.
Kendra hits the jelly with a flail.
Kendra is burned by acid!
Your hound bites the jelly.
Your hound is burned by acid!
Your hound bites the jelly.
The jelly dies!
You swap places.
You swap places.
A giant newt comes into view.
A giant newt is nearby!
The giant newt completely misses you.
You hit the giant newt.
The giant newt is heavily wounded.
The giant newt barely misses you.
You hit the giant newt.
You kill the giant newt!
No target in view!
You see here a giant newt corpse.
You butcher the giant newt corpse.
G - a chunk of flesh You see here a giant newt skeleton.
Eating a chunk of flesh.
This raw flesh tastes terrible.
You continue eating. x2
t - 2 scrolls labeled ALOKOBREYJ (gained 1)
You swap places.
You now have 184 gold pieces (gained 9).
You are feeling hungry.
n - 2 emerald potions (gained 1) Done exploring.
Done exploring.
Done exploring.
Okay, then.
Are you sure you want to abandon this character and quit the game? (Confirm with "yes".)

########
##############......##
#....>.<...##........##
#...%......#..........###
#..........#.............
#..........#........####.
#......Rh..#........#..#.
#.......@..#........#..#.
#########..##......P#'##.
##.#........#..#)
#.#........#..R.
#.#.......#####)
#(...)....#.)#..
###(......#..#.}
####.......#R(#..
#..........#)##..


You could see a friendly hound and the friendly Kendra the knight.

Action                   |  1- 3 |  4- 6 || total
-------------------------+-------+-------++-------
Melee: Dagger            |   132 |   123 ||   255
 Cast: Summon Small Mamm |    13 |       ||    13
       Call Imp          |    10 |     8 ||    18
       Call Canine Famil |     4 |    15 ||    19
       Summon Ice Beast  |       |     9 ||     9
Invok: Ancestor Life: Kn |       |     1 ||     1
       Recall Ancestor   |       |     2 ||     2
 Stab: Distracted        |     2 |     1 ||     3
       Sleeping          |     2 |     2 ||     4
  Eat: Chunk             |     4 |    12 ||    16
Armor: Robe              |    26 |    37 ||    63
Dodge: Dodged            |    92 |   103 ||   195

Notes
Turn   | Place    | Note
--------------------------------------------------------------
     0 | D:1      | Duffy the Deep Elf Summoner began the quest for the Orb.
     0 | D:1      | Reached XP level 1. HP: 10/10 MP: 6/6
   265 | D:1      | Reached XP level 2. HP: 10/15 MP: 8/8
   426 | D:1      | Learned a level 2 spell: Call Imp
   836 | D:1      | Reached skill level 4 in Spellcasting
  1202 | D:1      | Reached skill level 5 in Summonings
  1202 | D:1      | Reached XP level 3. HP: 15/19 MP: 10/10
  1278 | D:1      | Learned a level 3 spell: Call Canine Familiar
  1536 | D:2      | Found a faded altar of an unknown god.
  1645 | D:2      | Became a worshipper of Hepliaklqana
  1645 | D:2      | Reached * piety under Hepliaklqana
  1686 | D:2      | Found a shadowy altar of Dithmenos.
  1935 | D:3      | Noticed Ijyb
  1955 | D:3      | Killed Ijyb
  1955 | D:3      | Reached XP level 4. HP: 24/24 MP: 7/12
  2011 | D:3      | Learned a level 4 spell: Summon Ice Beast
  2040 | D:3      | Reached skill level 1 in Fighting
  2662 | D:3      | Noticed Sigmund
  2718 | D:3      | Killed Sigmund
  2718 | D:3      | Reached skill level 2 in Fighting
  2718 | D:3      | Reached XP level 5. HP: 8/31 MP: 4/13
  3417 | D:4      | Reached ** piety under Hepliaklqana
  3418 | D:4      | Remembered your ancestor Kendra as a knight
  3453 | D:4      | Reached skill level 1 in Ice Magic
  3588 | D:4      | Reached skill level 2 in Ice Magic
  3595 | D:4      | Reached XP level 6. HP: 33/36 MP: 11/14
  3717 | D:4      | Noticed Loading's ghost (amateur GrFi)
  3730 | D:4      | Killed Loading's ghost
  3730 | D:4      | Reached skill level 6 in Summonings
  3895 | D:4      | Found a white marble altar of Elyvilon.
  4070 | D:5      | Entered Level 5 of the Dungeon
  4249 | D:5      | Found an oddly glowing altar of Pakellas.
  4420 | D:5      | Reached skill level 3 in Ice Magic
  5253 | D:5      | Quit the game

Skill      XL: |  1  2  3  4  5  6 |
---------------+-------------------+-----
Spellcasting   | 4 |  4.3
Summonings     | 5 6 |  6.5
Fighting       | 2 |  2.8
Ice Magic      | 2 3 |  3.7
Dodging        | |  2.4
Stealth        | |  2.4

Vault maps used:
D:1:      nicolae_arrival_washed_ashore
D:2:      grunt_dithmenos_smoke_and_mirrors, ecumenical_altar_1
D:3:      st_stairs_12, uniq_sigmund, uniq_iyjb
D:4:      elyvilon_altar_4, first_bread
D:5:      corexii_shack_village, marbit_many_paths

Vanquished Creatures
  Sigmund
  The ghost of Loading the Cudgeler, an amateur GrFi
  A necrophage
  A centaur
  An orc wizard
  A giant frog skeleton
  A jelly
  A centaur skeleton Ijyb
  3 worker ants
  2 hound zombies
  7 adders
  A shadow imp
  2 worms
  3 dart slugs
  3 giant geckos
  A knight
  11 orcs
  6 bats
  3 giant cockroaches
  10 goblins
  14 hobgoblins
  6 jackals
  9 kobolds
  4 quokkas
  An ancestor
  3 ball pythons
  A giant cockroach zombie
  3 giant newts
  8 rats
110 creatures vanquished.
